[Event "Betsys MČR v online bleskovém šachu 2021"]
[Site "Chess.com"]
[Date "2021.04.17"]
[Round "11"]
[White "SamikGame"]
[Black "LightningAttack_2000"]
[Result "1-0"]
[WhiteElo "1704"]
[BlackElo "1864"]
[TimeControl "180+1"]
[EndTime "10:45:57 PDT"]
[Termination "Uživatel SamikGame zvítězil po vzdání soupeře"]

1. e4 c5 2. c4 g6 3. Nc3 Bg7 4. g3 Nc6 5. Bg2 Nd4 6. Nge2 e6 7. Nxd4 cxd4 8. Nb5 d6 9. Qa4 Ke7 10. d3 Bd7 11. Qa3 Bc6 12. Bg5+ f6 13. Bf4 e5 14. Bd2 a6 15. Nxd6 1-0

[Event "Betsys MČR v online bleskovém šachu 2021"]
[Site "Chess.com"]
[Date "2021.04.17"]
[Round "11"]
[White "horvi1"]
[Black "PetrVelicka"]
[Result "0-1"]
[WhiteElo "2233"]
[BlackElo "2371"]
[TimeControl "180+1"]
[EndTime "10:46:02 PDT"]
[Termination "Uživatel PetrVelicka zvítězil po vzdání soupeře"]

1. Nf3 Nf6 2. b3 d5 3. Bb2 Bg4 4. Ne5 Bh5 5. c4 e6 6. h3 Nbd7 7. g4 Nxe5 8. Bxe5 Bg6 9. d3 Bd6 10. f4 Bxe5 11. fxe5 Nd7 12. d4 Qh4+ 13. Kd2 Be4 14.
Rg1 Qf2 15. Bg2 Bxg2 16. Kc3 Be4 17. Nd2 Qe3+ 18. Kb4 Qxd4 19. Nxe4 Qxe4 20. Kc3 Qxe5+ 0-1

[Event "Betsys MČR v online bleskovém šachu 2021"]
[Site "Chess.com"]
[Date "2021.04.17"]
[Round "11"]
[White "Dan1612"]
[Black "Rubinus"]
[Result "0-1"]
[WhiteElo "1959"]
[BlackElo "2157"]
[TimeControl "180+1"]
[EndTime "10:46:03 PDT"]
[Termination "Uživatel Rubinus zvítězil po vzdání soupeře"]

1. e4 c5 2. Nf3 d6 3. d4 cxd4 4. Nxd4 Nf6 5. Nc3 a6 6. Bg5 e6 7.
f4 b5 8. e5 dxe5 9. fxe5 Qc7 10. exf6 Qe5+ 11. Be2 Qxg5 12. fxg7 Bxg7 13. O-O Qe3+ 14.
Rf2 Qxd4 15. Qf1 Ra7 16. Bxb5+ Kf8 17. Rd1 Qb6 18. Bc4 Bd4 19. Na4 Bxf2+ 20. Kh1 Qe3 0-1

[Event "Betsys MČR v online bleskovém šachu 2021"]
[Site "Chess.com"]
[Date "2021.04.17"]
[Round "11"]
[White "povrlak60"]
[Black "VildaSt"]
[Result "1-0"]
[WhiteElo "1579"]
[BlackElo "1294"]
[TimeControl "180+1"]
[EndTime "10:46:03 PDT"]
[Termination "Uživatel povrlak60 zvítězil matem"]

1. e4 e5 2. d4 exd4 3. Qxd4 Nc6 4. Qe3 b6 5. Nc3 Bb7 6. Bc4 Bc5 7. Qg3 Qf6 8. Nd5 Qd6 9. Nxc7+ Kd8 10. Qxd6 Bxd6 11.
Nxa8 Bxa8 12. Bxf7 Nh6 13. Bxh6 gxh6 14. O-O-O Ne5 15.
Bd5 Bxd5 16. Rxd5 Ke7 17. f3 Rg8 18. g4 h5 19. h3 hxg4 20. hxg4 Rh8 21. b3 Bc5 22.
Rxe5+ Kd8 23. Ne2 Bd6 24. Rd5 Bc5 25. c4 Rf8 26. f4 Be3+ 27. Kc2 Bxf4 28. Nxf4 Rxf4 29.
Rxh7 Rxg4 30. Rdxd7+ Ke8 31. Rxa7 Kf8 32. Ra8# 1-0

[Event "Betsys MČR v online bleskovém šachu 2021"]
[Site "Chess.com"]
[Date "2021.04.17"]
[Round "11"]
[White "Jacques_se_mas"]
[Black "MatyldaCZ"]
[Result "1-0"]
[WhiteElo "1739"]
[BlackElo "1430"]
[TimeControl "180+1"]
[EndTime "10:46:05 PDT"]
[Termination "Uživatel Jacques_se_mas zvítězil po vzdání soupeře"]

1. d4 Nf6 2. Bg5 e6 3. e3 d5 4.
c4 c6 5. Nc3 Be7 6. Bxf6 Bxf6 7. cxd5 cxd5 8. Bd3 Nc6 9. Nf3 O-O 10. a3 Re8 11.
Ne5 Nxe5 12. dxe5 Bxe5 13. Qh5 g6 14. Qxe5 Qb6 15. b4 Qc6 16. O-O Rf8 17. Rfc1 Qe8 18.
Nb5 Qe7 19. Nc7 Rb8 20. Nxd5 Qd7 21. Nf6+ 1-0

[Event "Betsys MČR v online bleskovém šachu 2021"]
[Site "Chess.com"]
[Date "2021.04.17"]
[Round "11"]
[White "alenka777"]
[Black "zaciname"]
[Result "1-0"]
[WhiteElo "1283"]
[BlackElo "744"]
[TimeControl "180+1"]
[EndTime "10:46:08 PDT"]
[Termination "Uživatel alenka777 zvítězil matem"]

1. e4 e5 2. Bc4 Bc5 3. Qf3 Qf6 4.
Qxf6 Nxf6 5. Nc3 O-O 6. Nf3 Ng4 7. O-O d6 8. h3 Nf6 9. Nd5 Nxd5 10. Bxd5 c6 11.
Bc4 b5 12. Be2 Be6 13. a3 h6 14. b4 Bb6 15. d3 a5 16. bxa5 Rxa5 17. c4 b4 18. Bb2 bxa3 19. Rxa3 Bc5 20. Rxa5 Nd7 21.
Rfa1 f5 22. exf5 Bxf5 23. Ra8 Rxa8 24. Rxa8+ Kh7 25. Nh4 Be6 26. Bh5 Nf6 27. Bg6# 1-0

[Event "Betsys MČR v online bleskovém šachu 2021"]
[Site "Chess.com"]
[Date "2021.04.17"]
[Round "11"]
[White "Bartusman"]
[Black "Michelangelo111"]
[Result "0-1"]
[WhiteElo "1976"]
[BlackElo "2114"]
[TimeControl "180+1"]
[EndTime "10:46:29 PDT"]
[Termination "Uživatel Michelangelo111 zvítězil matem"]

1. e4 c5 2. Nf3 Nc6 3. b3 e5 4.
Bb2 d6 5. g3 g6 6. Bg2 Bg7 7.
O-O Nge7 8. Nc3 O-O 9. d3 Nd4 10.
a4 Nec6 11. Nd2 h5 12. Nc4 Be6 13. Kh1 h4 14. Re1 h3 15. Bf1 Qf6 16. Nxd6 Qxf2 17. Nxb7 Nf3 18. Re2 Qg1# 0-1

[Event "Betsys MČR v online bleskovém šachu 2021"]
[Site "Chess.com"]
[Date "2021.04.17"]
[Round "11"]
[White "FBingoPlayer"]
[Black "MrNikdo"]
[Result "1-0"]
[WhiteElo "2182"]
[BlackElo "2049"]
[TimeControl "180+1"]
[EndTime "10:46:38 PDT"]
[Termination "Uživatel FBingoPlayer zvítězil po vzdání soupeře"]

1. Nc3 Nf6 2. e4 e5 3. f4 d5 4. fxe5 Nxe4 5. Qf3 Nxc3 6. dxc3 Nc6 7. Bf4 Be7 8.
O-O-O Be6 9. Bd3 Bg5 10. Qe3 Bxf4 11. Qxf4 Qe7 12. Nf3 O-O-O 13. Kb1 Rhe8 14. Rhe1 h6 15. a3 g5 16. Qa4 Qc5 17. Nd4 Bd7 18. Nb3 Qf2 19.
Rf1 Qxg2 20. Nc5 Nxe5 21. Qxa7 1-0

[Event "Betsys MČR v online bleskovém šachu 2021"]
[Site "Chess.com"]
[Date "2021.04.17"]
[Round "11"]
[White "DONSANMIGUEL"]
[Black "Hollow_Head"]
[Result "1-0"]
[WhiteElo "1784"]
[BlackElo "1090"]
[TimeControl "180+1"]
[EndTime "10:46:38 PDT"]
[Termination "Uživatel DONSANMIGUEL zvítězil matem"]

1. e4 e5 2. Nf3 Nc6 3. d4 exd4 4.
Bc4 Nf6 5. e5 Ne4 6. Nxd4 Nxd4 7. Qxd4 Qh4 8. Nd2 Nxd2 9. Qxh4 Be7 10. Qf4 f6 11. Bxd2 d6 12. exf6 gxf6 13. Qh6 Rf8 14. Qh5+ Kd8 15. Qxh7 Re8 16. O-O-O Bf8 17. Bc3 Re7 18.
Qg8 Re8 19. Rhe1 Be7 20. Qf7 Bd7 21. Be6 Bxe6 22. Qxe6 Rc8 23. Bxf6 c6 24. Qxd6# 1-0

[Event "Betsys MČR v online bleskovém šachu 2021"]
[Site "Chess.com"]
[Date "2021.04.17"]
[Round "11"]
[White "vikysachy"]
[Black "horalek"]
[Result "0-1"]
[WhiteElo "860"]
[BlackElo "1331"]
[TimeControl "180+1"]
[EndTime "10:46:40 PDT"]
[Termination "Uživatel horalek zvítězil matem"]

1. e4 e5 2. Nf3 Nc6 3. Nc3 Nf6 4. Bc4 h6 5. d3 Bc5 6. Qe2 d6 7. Be3 Nd4 8. Bxd4 exd4 9. Nd5 Bb6 10. O-O-O c6 11.
Nxf6+ Qxf6 12. e5 dxe5 13. Nxe5 O-O 14. Ng4 Qg5+ 15. Kb1 Bxg4 16. Qe4 Bxd1 17. Rxd1 Rfe8 18. Qf3 Re7 19. g4 Rae8 20. b3 Ba5 21. Qg3 Re1 22.
Rxe1 Rxe1+ 23. Kb2 Qc1# 0-1

[Event "Betsys MČR v online bleskovém šachu 2021"]
[Site "Chess.com"]
[Date "2021.04.17"]
[Round "11"]
[White "pohoda1966"]
[Black "handlovskyjachym"]
[Result "1-0"]
[WhiteElo "1723"]
[BlackElo "1377"]
[TimeControl "180+1"]
[EndTime "10:46:42 PDT"]
[Termination "Uživatel pohoda1966 zvítězil matem"]

1. e4 c5 2. Nc3 d6 3. Nf3 Nf6 4. Bc4 g6 5. d3 Bg7 6. O-O O-O 7. a3 Nc6 8. Bg5 Bd7 9. h3 Rc8 10. Re1 a6 11. e5 dxe5 12. Nxe5 Nxe5 13. Rxe5 Qc7 14.
Rxe7 Rce8 15. Bxf6 Bxf6 16. Nd5 Qd6 17. Nxf6+ Qxf6 18.
Rxe8 Rxe8 19. c3 Qe5 20. d4 cxd4 21. Qxd4 Qg5 22. Qxd7 Re2 23. Qxf7+ Kh8 24. Qg8# 1-0

[Event "Betsys MČR v online bleskovém šachu 2021"]
[Site "Chess.com"]
[Date "2021.04.17"]
[Round "11"]
[White "Diamantidis_13"]
[Black "DenryS"]
[Result "1-0"]
[WhiteElo "2454"]
[BlackElo "2192"]
[TimeControl "180+1"]
[EndTime "10:46:51 PDT"]
[Termination "Uživatel Diamantidis_13 zvítězil po vzdání soupeře"]

1. Nf3 d5 2. d4 Nc6 3. c4 Bg4 4.
Nc3 Nf6 5. Bf4 Bxf3 6. exf3 dxc4 7. d5 Nb8 8. Bxc4 g6 9. Qd2 Bg7 10.
Bh6 O-O 11. O-O-O Nbd7 12. h4 Nb6 13. Bb3 c6 14. h5 cxd5 15. hxg6 fxg6 16. Bxg7 Kxg7 17.
Qh6+ Kg8 18. Nxd5 Nbxd5 19. Rxd5 1-0

[Event "Betsys MČR v online bleskovém šachu 2021"]
[Site "Chess.com"]
[Date "2021.04.17"]
[Round "11"]
[White "TomasOrnet1"]
[Black "catanist19"]
[Result "0-1"]
[WhiteElo "1505"]
[BlackElo "1743"]
[TimeControl "180+1"]
[EndTime "10:46:53 PDT"]
[Termination "Uživatel catanist19 zvítězil po vzdání soupeře"]

1. e4 c5 2. Bc4 e6 3. Nf3 Nc6 4. c3 Be7 5. b3 d5 6. exd5 exd5 7. Be2 Nf6 8. Bb2 O-O 9. O-O Bf5 10. d4 Bd6 11.
dxc5 Bxc5 12. Nbd2 Ne4 13. Nxe4 dxe4 14. Qxd8 Raxd8 15. Nh4 Bg6 16. Rad1 Be7 17. Nxg6 fxg6 18. Bc4+ Kh8 19. Bd5 e3 20. c4 e2 21. Bxc6 exf1=Q+ 0-1

[Event "Betsys MČR v online bleskovém šachu 2021"]
[Site "Chess.com"]
[Date "2021.04.17"]
[Round "11"]
[White "phil3"]
[Black "androidddd"]
[Result "1-0"]
[WhiteElo "2107"]
[BlackElo "1462"]
[TimeControl "180+1"]
[EndTime "10:46:54 PDT"]
[Termination "Uživatel phil3 zvítězil po vzdání soupeře"]

1. e4 c6 2. d4 d5 3. exd5 cxd5 4. c4 Nf6 5. Nc3 Nc6 6. Nf3 Bg4 7. cxd5 Nxd5 8. Qb3 Bxf3 9. gxf3 Nxc3 10. bxc3 Qc7 11. Rb1 b6 12. Bb5 e6 13. d5 exd5 14. Qxd5 Rc8 15. O-O Be7 16. Re1 Qd7 17. c4 O-O 18. Qxd7 1-0

[Event "Betsys MČR v online bleskovém šachu 2021"]
[Site "Chess.com"]
[Date "2021.04.17"]
[Round "11"]
[White "Dale00007"]
[Black "psvoboda72"]
[Result "0-1"]
[WhiteElo "1389"]
[BlackElo "1692"]
[TimeControl "180+1"]
[EndTime "10:47:00 PDT"]
[Termination "Uživatel psvoboda72 zvítězil matem"]

1. e4 e5 2. Nf3 Nc6 3. Bb5 a6 4. Ba4 Nf6 5. O-O Be7 6. Re1 b5 7. Bb3 O-O 8. c3 d5 9. exd5 Nxd5 10. Nxe5 Nxe5 11. Rxe5 c6 12. d4 Bd6 13. Re1 Qh4 14. g4 Qxh2+ 15. Kf1 Qh1+ 16. Ke2 Bxg4+ 17. f3 Qg2+ 18. Kd3 Bxf3 19. Qc2 Qg6+ 20. Kd2 Bf4+ 21. Re3 Bxe3+ 22. Ke1 Qg1# 0-1

[Event "Betsys MČR v online bleskovém šachu 2021"]
[Site "Chess.com"]
[Date "2021.04.17"]
[Round "11"]
[White "valid88"]
[Black "FMD-MP"]
[Result "0-1"]
[WhiteElo "1371"]
[BlackElo "1720"]
[TimeControl "180+1"]
[EndTime "10:47:01 PDT"]
[Termination "Uživatel FMD-MP zvítězil po vzdání soupeře"]

1. d4 Nf6 2. c4 e5 3. dxe5 Ng4 4. Nf3 Bc5 5. e3 Nc6 6. a3 a5 7. Nc3 O-O 8. Bd3 Re8 9. Bc2 Ngxe5 10. Nxe5 Nxe5 11.
O-O d6 12. b3 c6 13. Bb2 Qh4 14. Ne4 Ng4 15. h3 Nxf2 16. Nxf2 Bxe3 17. Bd4 Qxd4 18. Qh5 Bxf2+ 19. Rxf2 Qxa1+ 20. Kh2 Qe5+ 21. Qxe5 0-1

[Event "Betsys MČR v online bleskovém šachu 2021"]
[Site "Chess.com"]
[Date "2021.04.17"]
[Round "11"]
[White "Tobish"]
[Black "vadoto"]
[Result "1-0"]
[WhiteElo "1683"]
[BlackElo "1402"]
[TimeControl "180+1"]
[EndTime "10:47:05 PDT"]
[Termination "Uživatel Tobish zvítězil matem"]

1. e4 e5 2. Nf3 Nc6 3. d4 exd4 4. Nxd4 Bc5 5. Be3 d6 6. Be2 Qf6 7. c3 Nge7 8. O-O O-O 9. Nxc6 Nxc6 10. Bxc5 dxc5 11. Na3 Qg6 12. Qc2 Bh3 13. Bf3 Ne5 14. Qe2 Rfe8 15. Kh1 Nxf3 16. Qxf3 Bg4 17. Qe3 Rxe4 18.
Qxc5 c6 19. f3 Bxf3 20. Rxf3 Re2 21. Rf2 Rae8 22. Raf1 Rxf2 23. Qxf2 f6 24. Nc4 Qe4 25. Nd6 Qe7 26. Nxe8 Qxe8 27. Re1 Qf7 28. Qd2 Qxa2 29. h3 Qc4 30. Qd7 Qb5 31. Re8# 1-0

[Event "Betsys MČR v online bleskovém šachu 2021"]
[Site "Chess.com"]
[Date "2021.04.17"]
[Round "11"]
[White "honzasoucek"]
[Black "HerjoAnpe"]
[Result "1-0"]
[WhiteElo "1625"]
[BlackElo "1259"]
[TimeControl "180+1"]
[EndTime "10:47:07 PDT"]
[Termination "Uživatel honzasoucek zvítězil po vzdání soupeře"]

1. e4 e6 2. d4 d5 3. Nd2 dxe4 4.
Nxe4 Nc6 5. Be3 Nf6 6. Nxf6+ Qxf6 7. Nf3 Bb4+ 8. c3 Ba5 9. Bb5 O-O 10. O-O Rd8 11.
Bxc6 bxc6 12. b4 Bb6 13. Qc2 h6 14. a4 a5 15. Rfe1 axb4 16. cxb4 Ba7 17. Qxc6 Bd7 18. Qxc7 Qe7 19. Ne5 f6 20. Nc6 Bxc6 21. Qxe7 Rd5 22. Qxe6+ Kh7 23. Qxc6 Rad8 24. b5 Bxd4 25. Bxd4 Rxd4 26.
g3 Rd2 27. b6 Rb2 28. b7 Rdd2 29. Rf1 Rdc2 30. Qxc2+ Rxc2 31. b8=Q 1-0

[Event "Betsys MČR v online bleskovém šachu 2021"]
[Site "Chess.com"]
[Date "2021.04.17"]
[Round "11"]
[White "pepca"]
[Black "rakintsev"]
[Result "1-0"]
[WhiteElo "1551"]
[BlackElo "1726"]
[TimeControl "180+1"]
[EndTime "10:47:18 PDT"]
[Termination "Uživatel pepca zvítězil po vzdání soupeře"]

1. e4 c6 2. c4 d5 3. cxd5 cxd5 4.
exd5 Qxd5 5. Nc3 Qe5+ 6. Be2 Nf6 7. Nf3 Qd6 8. d4 Nc6 9. Nb5 Qb8 10. d5 a6 11.
dxc6 axb5 12. Bxb5 bxc6 13. Bxc6+ Bd7 14. Bxa8 Qxa8 15.
O-O e6 16. Bf4 Be7 17. Bd6 Qd8 18. Bxe7 Qxe7 19. Ne5 O-O 20. Nxd7 Nxd7 21. Rc1 Rd8 22. Rc7 Qe8 23. Qa4 Nf6 24. Qxe8+ Rxe8 25. Rfc1 h6 26. Rc8 Rxc8 27. Rxc8+ Kh7 28. b4 Nd5 29. b5 Kg6 30. Rc6 Nb4 31. Rd6 Kf6 32. b6 Ke7 33. b7 1-0

[Event "Betsys MČR v online bleskovém šachu 2021"]
[Site "Chess.com"]
[Date "2021.04.17"]
[Round "11"]
[White "Lisak007"]
[Black "pkozubik"]
[Result "1-0"]
[WhiteElo "1827"]
[BlackElo "1197"]
[TimeControl "180+1"]
[EndTime "10:47:21 PDT"]
[Termination "Uživatel Lisak007 zvítězil matem"]

1. e4 c6 2. d4 d5 3. e5 Bf5 4. c3 e6 5. Bd3 Bxd3 6. Qxd3 c5 7.
f4 c4 8. Qe2 Ne7 9. Nf3 h6 10.
O-O Nf5 11. Nbd2 Be7 12. a3 O-O 13. g4 Nh4 14. Nxh4 Bxh4 15. Nf3 Nc6 16. f5 Be7 17. f6 gxf6 18. Bxh6 fxe5 19. Bxf8 Bxf8 20. Nxe5 Nxe5 21. Qxe5 Qh4 22. Qg3 Qg5 23. h4 Qd2 24. Rf2 Qh6 25. g5 Qg6 26. Raf1 Bh6 27. Rf6 Qg7 28.
Rxh6 Rf8 29. Rhf6 Qh7 30. g6 Qg7 31. gxf7+ Rxf7 32. Qxg7+ Rxg7+ 33. Kh2 b5 34. Rxe6 a5 35. Kh3 Kh7 36. h5 Rg8 37. Rf7+ Kh8 38. Rh6# 1-0

[Event "Betsys MČR v online bleskovém šachu 2021"]
[Site "Chess.com"]
[Date "2021.04.17"]
[Round "11"]
[White "svTomas"]
[Black "dnovotny"]
[Result "0-1"]
[WhiteElo "1432"]
[BlackElo "1716"]
[TimeControl "180+1"]
[EndTime "10:47:21 PDT"]
[Termination "Uživatel dnovotny zvítězil po vzdání soupeře"]

1. e4 c5 2. Nf3 d6 3. Bc4 Nf6 4. d3 Bg4 5. Bg5 e6 6. c3 h6 7.
Bh4 g5 8. Bg3 h5 9. h3 Bxf3 10.
Qxf3 g4 11. hxg4 hxg4 12. Rxh8 gxf3 13. gxf3 Nc6 14. Bh4 Ne5 15. Bb5+ Ned7 16. Nd2 a6 17. Ba4 b5 18. Bb3 Ne5 19. Ke2 Ng6 20. Rg8 Nxh4 21.
Rh1 Nxg8 0-1

[Event "Betsys MČR v online bleskovém šachu 2021"]
[Site "Chess.com"]
[Date "2021.04.17"]
[Round "11"]
[White "starypomalymuz"]
[Black "CZMaster666"]
[Result "0-1"]
[WhiteElo "1757"]
[BlackElo "1919"]
[TimeControl "180+1"]
[EndTime "10:47:24 PDT"]
[Termination "Uživatel CZMaster666 zvítězil matem"]

1. e4 e5 2. d4 exd4 3. c3 Nf6 4. e5 Nd5 5. cxd4 Nc6 6. Nf3 d6 7. Bb5 dxe5 8. Bxc6+ bxc6 9. dxe5 Ba6 10. Bg5 Be7 11.
Bxe7 Qxe7 12. Nbd2 Rd8 13. Qc2 Nb4 14. Qc3 Nd3+ 15.
Kd1 Nxf2+ 16. Kc2 Bd3+ 17. Kc1 Nxh1 18. Qxc6+ Qd7 19. Qxd7+ Rxd7 20. Nb3 Bg6 21. Nbd4 c5 22. Nb5 Nf2 23. Nd6+ Ke7 24. a4 f6 25. Nc4 Rd1# 0-1

[Event "Betsys MČR v online bleskovém šachu 2021"]
[Site "Chess.com"]
[Date "2021.04.17"]
[Round "11"]
[White "svobodan"]
[Black "RunningPawnz88"]
[Result "1-0"]
[WhiteElo "1643"]
[BlackElo "1348"]
[TimeControl "180+1"]
[EndTime "10:47:26 PDT"]
[Termination "Uživatel svobodan zvítězil matem"]

1. e4 c5 2. Nf3 Nc6 3. d4 e6 4. Nc3 Nf6 5. Be2 d5 6. exd5 exd5 7. O-O Bg4 8. Be3 cxd4 9. Nxd4 Bxe2 10. Qxe2 Nxd4 11.
Bxd4+ Be7 12. Rad1 Qd6 13. Rfe1 h5 14. Bxf6 gxf6 15.
Nxd5 Qe5 16. Nxe7 Kxe7 17. Qf3 Rad8 18. Rxe5+ fxe5 19. Qxb7+ Kf6 20. Qf3+ Kg7 21. Rxd8 Rxd8 22. Qxh5 f6 23. h3 Rd2 24. Qg4+ Kf7 25. Qh5+ Ke6 26. Qe8+ Kf5 27. g4+ Kf4 28. Qa4+ e4 29. Qxa7 Kf3 30.
Qe3# 1-0

[Event "Betsys MČR v online bleskovém šachu 2021"]
[Site "Chess.com"]
[Date "2021.04.17"]
[Round "11"]
[White "SanyH"]
[Black "Tomasn2003"]
[Result "1-0"]
[WhiteElo "1600"]
[BlackElo "1151"]
[TimeControl "180+1"]
[EndTime "10:47:29 PDT"]
[Termination "Uživatel SanyH zvítězil po vzdání soupeře"]

1. e4 c5 2. Nf3 d6 3. d4 cxd4 4.
Nxd4 Nf6 5. Nc3 g6 6. Be3 Bg7 7.
Bc4 O-O 8. O-O Nc6 9. f3 Bd7 10. Qd2 Nxd4 11. Bxd4 b6 12. Rad1 e5 13. Be3 Rc8 14.
Bb3 d5 15. exd5 Be8 16. Bh6 Bxh6 17. Qxh6 Rxc3 18. bxc3 a5 19. f4 exf4 20. Rxf4 a4 21. Bc4 b5 22. Bd3 Nxd5 23. Rh4 Nf6 24. Rf1 Qb6+ 25.
Kh1 Bc6 26. Rxf6 Bxg2+ 27. Kxg2 Qb7+ 28. Be4 1-0

[Event "Betsys MČR v online bleskovém šachu 2021"]
[Site "Chess.com"]
[Date "2021.04.17"]
[Round "11"]
[White "Classemence"]
[Black "JanBaraCZE"]
[Result "1-0"]
[WhiteElo "1881"]
[BlackElo "1588"]
[TimeControl "180+1"]
[EndTime "10:47:30 PDT"]
[Termination "Uživatel Classemence zvítězil po vzdání soupeře"]

1. e4 c5 2. Nf3 Nc6 3. Nc3 d6 4. Bb5 Bd7 5. Bxc6 Bxc6 6. d3 Nf6 7. O-O g6 8. Bg5 Bg7 9. Qd2 O-O 10. Bh6 a6 11. Bxg7 Kxg7 12. h3 b5 13. Nh2 b4 14.
Ne2 d5 15. e5 Nd7 16. f4 Qb6 17. Kh1 Rad8 18. f5 Nxe5 19. d4 cxd4 20. Nxd4 Bb7 21. c3 bxc3 22. bxc3 a5 23. Rae1 Ba6 24. Rg1 Nd3 25.
Rxe7 Qb2 26. Nc2 Qxc3 27. Qxc3+ d4 28. Qd2 Kf6 29. Ra7 Rd6 30. Rxa6 Rxa6 31. Qxd3 Rd6 32. Ng4+ Kg7 33. f6+ Kg8 34. Qd2 Rfd8 35. Qh6 Rxf6 36.
Nxf6+ 1-0

[Event "Betsys MČR v online bleskovém šachu 2021"]
[Site "Chess.com"]
[Date "2021.04.17"]
[Round "11"]
[White "Krtecci"]
[Black "Bancroft"]
[Result "0-1"]
[WhiteElo "2063"]
[BlackElo "1938"]
[TimeControl "180+1"]
[EndTime "10:47:38 PDT"]
[Termination "Uživatel Bancroft zvítězil po vzdání soupeře"]

1. e4 c5 2. Nf3 d6 3. d4 cxd4 4. Nxd4 Nf6 5. Nc3 g6 6. Bg5 Bg7 7. f3 O-O 8. Qd2 Nc6 9. O-O-O d5 10. Nb3 dxe4 11. Qf4 Qb6 12. fxe4 Ng4 13. Nd5 Qf2 14. Qc7 Be5 15. Be3 Nxe3 16. Nxe7+ Kg7 17. Rd2 Qxd2+ 0-1

[Event "Betsys MČR v online bleskovém šachu 2021"]
[Site "Chess.com"]
[Date "2021.04.17"]
[Round "11"]
[White "Daffac"]
[Black "avsokol"]
[Result "0-1"]
[WhiteElo "2083"]
[BlackElo "2351"]
[TimeControl "180+1"]
[EndTime "10:47:52 PDT"]
[Termination "Uživatel avsokol zvítězil po vzdání soupeře"]

1. d4 Nf6 2. Nf3 g6 3. g3 Bg7 4. Bg2 O-O 5. O-O d6 6. a4 Nbd7 7. Re1 a5 8. e4 e5 9. Nc3 c6 10. h3 Qc7 11. Be3 Re8 12. Qd2 b6 13. d5 cxd5 14. Nxd5 Nxd5 15. exd5 Nc5 16. Bh6 Bh8 17.
Ng5 Bd7 18. b3 Rac8 19. Ne4 Nxe4 20. Bxe4 Bxh3 21. Kh2 Bd7 22. Rh1 f5 23. Bd3 e4 24.
Bc4 Bxa1 25. Rxa1 Qd8 26. Qd4 Re5 27. Bf4 Qe7 28. Qxb6 g5 29. Bxe5 Qxe5 30. Qxa5 Qxa1 31. Qa7 Qg7 32. Ba6 Rxc2 33. Qb8+ Qf8 0-1

[Event "Betsys MČR v online bleskovém šachu 2021"]
[Site "Chess.com"]
[Date "2021.04.17"]
[Round "11"]
[White "masterofbuzkashi"]
[Black "Zelezny1984"]
[Result "1-0"]
[WhiteElo "2237"]
[BlackElo "2058"]
[TimeControl "180+1"]
[EndTime "10:47:52 PDT"]
[Termination "Uživatel masterofbuzkashi zvítězil po vzdání soupeře"]

1. d4 e6 2. c4 d5 3. Nc3 c5 4.
Nf3 cxd4 5. Nxd4 e5 6. Nc2 d4 7.
Ne4 f5 8. Ng3 h5 9. h4 Be7 10.
e3 Bxh4 11. exd4 Bxg3 12. fxg3 g6 13. dxe5 Qxd1+ 14. Kxd1 Nc6 15. Bf4 Nh6 16. Ne3 Nf7 17.
Nd5 O-O 18. Nc7 Rb8 19. e6 Nfe5 20. e7 Nxe7 21. Bxe5 Bd7 22. Nd5 Rbe8 23. Nf6+ Rxf6 24. Bxf6 Nc6 1-0

[Event "Betsys MČR v online bleskovém šachu 2021"]
[Site "Chess.com"]
[Date "2021.04.17"]
[Round "11"]
[White "lupinek23"]
[Black "ikovacs"]
[Result "1-0"]
[WhiteElo "1598"]
[BlackElo "1088"]
[TimeControl "180+1"]
[EndTime "10:47:52 PDT"]
[Termination "Uživatel lupinek23 zvítězil na čas"]

1. e4 e5 2. Nf3 d6 3. d4 Bg4 4. dxe5 Bxf3 5. Qxf3 dxe5 6. Bc4 Qe7 7. Nc3 c6 8. Bg5 Nf6 9. O-O-O h6 10. Bh4 g5 11.
Bg3 Bg7 12. h4 O-O 13. hxg5 hxg5 14. Rh2 g4 15. Qf5 Nbd7 16. Rdh1 b5 17. Bb3 Nc5 18.
Bxe5 1-0

[Event "Betsys MČR v online bleskovém šachu 2021"]
[Site "Chess.com"]
[Date "2021.04.17"]
[Round "11"]
[White "Bagr92"]
[Black "KatkaZ"]
[Result "0-1"]
[WhiteElo "1595"]
[BlackElo "1848"]
[TimeControl "180+1"]
[EndTime "10:47:55 PDT"]
[Termination "Uživatel KatkaZ zvítězil po vzdání soupeře"]

1. e4 c5 2. Nf3 e6 3. d4 cxd4 4. Nxd4 a6 5. c4 Qc7 6. Nc3 Nf6 7. Bd3 g6 8. O-O Bg7 9. f4 d6 10. Be3 Nbd7 11. b4 O-O 12. Qf3 Rb8 13. a4 b6 14.
Rac1 Bb7 15. Rc2 Qd8 16. Ra1 Qe7 17. a5 bxa5 18. Rxa5 d5 19. cxd5 exd5 20. e5 Nxe5 21. fxe5 Qxe5 22. Re2 Qd6 23. b5 Qb4 24. Ra4 Qxc3 25.
bxa6 Qxd3 26. axb7 Rxb7 27. Qf2 Ne4 28. Qf3 Qd1+ 29.
Qf1 Qxa4 0-1

[Event "Betsys MČR v online bleskovém šachu 2021"]
[Site "Chess.com"]
[Date "2021.04.17"]
[Round "11"]
[White "pa9p"]
[Black "Ondre2836"]
[Result "1-0"]
[WhiteElo "1764"]
[BlackElo "1236"]
[TimeControl "180+1"]
[EndTime "10:47:57 PDT"]
[Termination "Uživatel pa9p zvítězil matem"]

1. e4 d5 2. exd5 Qxd5 3. Nf3 Nf6 4. d4 Bg4 5. Be2 e6 6. O-O Nc6 7. c4 Qd6 8. Be3 O-O-O 9. c5 Qd5 10. Nc3 Qd6 11. cxd6 Rxd6 12. h3 Bh5 13. Qa4 Kb8 14. Ne5 Bxe2 15. Nxe2 Be7 16. Nxf7 Rf8 17. Nxd6 cxd6 18.
Nf4 Ne4 19. Nxe6 Rf6 20. Ng5 h6 21. Nxe4 Re6 22. Nc3 Kc8 23. d5 Re5 24. dxc6 bxc6 25.
Qxc6+ Kd8 26. Bxa7 Bg5 27. Qxd6+ Ke8 28. Qxe5+ Kf8 29. Bc5+ Kg8 30. Qe6+ Kh8 31. Ne4 Kh7 32. Nxg5+ hxg5 33. Qf7 Kh6 34. Bd4 g4 35. Qxg7+ Kh5 36. hxg4+ Kh4 37. Bf6# 1-0

[Event "Betsys MČR v online bleskovém šachu 2021"]
[Site "Chess.com"]
[Date "2021.04.17"]
[Round "11"]
[White "PaulS_CR"]
[Black "bezzuton"]
[Result "0-1"]
[WhiteElo "1826"]
[BlackElo "1569"]
[TimeControl "180+1"]
[EndTime "10:47:58 PDT"]
[Termination "Uživatel bezzuton zvítězil po vzdání soupeře"]

1. Nf3 e6 2. c4 d5 3. e3 c5 4.
cxd5 exd5 5. d4 cxd4 6. Nxd4 Nc6 7.
Nc3 Nf6 8. Bb5 Bd7 9. O-O Bc5 10. Nce2 O-O 11. b3 Nxd4 12. exd4 Bxb5 13. dxc5 Ne4 14. Bb2 Nxc5 15. Re1 Nd3 16. Bd4 Nxe1 17. Qxe1 Re8 18. Be3 Bxe2 19. Qxe2 d4 20. Rd1 Qd5 21. Qd3 Rad8 22. Bf4 Qc6 23. h3 Qc3 24. Qb5 d3 25. Rc1 Qxc1+ 26. Bxc1 Re1+ 27. Kh2 Rxc1 28. Qg5 Rcc8 29.
Qd2 h6 30. h4 b6 31. h5 Rc5 32. g4 Rc2 0-1

[Event "Betsys MČR v online bleskovém šachu 2021"]
[Site "Chess.com"]
[Date "2021.04.17"]
[Round "11"]
[White "Kijonker"]
[Black "Petr_Zacek"]
[Result "0-1"]
[WhiteElo "1471"]
[BlackElo "1741"]
[TimeControl "180+1"]
[EndTime "10:48:01 PDT"]
[Termination "Uživatel Petr_Zacek zvítězil po vzdání soupeře"]

1. e4 e6 2. Nf3 d5 3. Nc3 c5 4. d3 Nc6 5. Bg5 Be7 6. Bf4 Nf6 7. Nb5 Qa5+ 8. Nc3 d4 9. Bd2 dxc3 10.
Bxc3 Qc7 11. Be2 O-O 12. h3 e5 13. O-O Nd4 14. Nxd4 cxd4 15. Bd2 Be6 16. f4 exf4 17. Bxf4 Bd6 18. Bxd6 Qxd6 19. Bf3 Qg3 20. Kh1 h6 21.
Qe2 Rac8 22. e5 Nd5 23. Be4 Ne3 24. Rf3 Qg5 25. Rg1 Rxc2 26. Qe1 Rxg2 0-1